 Dungeon Crawl Stone Soup version 0.22-a0-580-gd5db89c09a (webtiles) character file.

79 Kholdaimon the Ducker (level 4, -4/35 HPs)
             Began as a Merfolk Gladiator on July 3, 2018.
             Slain by an orc warrior
             ... wielding a cursed -2 short sword
              (17 damage)
             ... on level 6 of the Dungeon.
             The game lasted 00:08:07 (2821 turns).

Kholdaimon the Ducker (Merfolk Gladiator)           Turns: 2821, Time: 00:08:07

Health: -4/35      AC:  4    Str: 14    XL:     4   Next: 38%
Magic:  4/4        EV: 14    Int:  8    God:
Gold:   108        SH:  0    Dex: 15    Spells: 3/3 levels left

rFire    . . .     SeeInvis .   a - +0 long sword
rCold    . . .     Gourm    .   (no shield)
rNeg     . . .     Faith    .   b - +0 leather armour
rPois    .         Spirit   .   c - +0 helmet
rElec    .         Reflect  .   (no cloak)
rCorr    .         Harm     .   (no gloves)
MR       .....                  (no boots)
Stlth    +.........             (no amulet)
HPRegen  0.11/turn              (no ring)
MPRegen  0.09/turn              (no ring)

@: no status effects
A: change form in water, swift swim, stealthy swim
a: no special abilities


You were on level 6 of the Dungeon.
You were not hungry.

You visited 1 branch of the dungeon, and saw 4 of its levels.

You collected 108 gold pieces.

Inventory:

Hand Weapons
 a - a +0 long sword (weapon)
 x - a cursed +0 hand axe
Missiles
 d - 3 throwing nets
 g - 15 poisoned needles
 i - 129 stones (quivered)
 r - 13 sling bullets
 y - 3 poisoned javelins
Armour
 b - a +0 leather armour (worn)
 c - a +0 helmet (worn)
 n - a cursed +0 pair of boots
 w - a +2 pair of gloves
Jewellery
 h - an uncursed ring of ice {unknown}
 j - an uncursed ring of stealth {unknown}
 t - a +2 ring of protection {unknown}
 v - an uncursed ring of magical power {unknown}
Scrolls
 e - a scroll of enchant armour {unknown}
 k - 7 scrolls of identify {unknown}
 m - 4 scrolls of teleportation {unknown}
 o - a scroll of enchant weapon {unknown}
 p - 3 scrolls of fear {unknown}
 q - a scroll of remove curse {unknown}
 s - 3 scrolls of magic mapping {unknown}
Potions
 l - a potion of ambrosia {unknown}
 z - a potion of curing
Comestibles
 f - 4 rations
 u - a chunk of flesh


   Skills:
 - Level 3.0 Fighting
 * Level 4.6 Long Blades
 - Level 2.0 Throwing
 + Level 4.8 Dodging


You had 3 spell levels left.
You didn't know any spells.
Your spell library was empty.

Dungeon Overview and Level Annotations

Branches:
Dungeon (3/15)

Altars:


Message History

a club; 2 chunks of flesh A water moccasin zombie comes into view.
A leopard gecko comes into view.
The leopard gecko hisses angrily.
The leopard gecko bites you but does no damage.
You hit the leopard gecko.
The leopard gecko is moderately wounded.
The leopard gecko bites you.
The orc warrior hits you with a short sword!
You slash the leopard gecko!
You kill the leopard gecko!
The water moccasin zombie misses you. The water moccasin zombie misses you.
You see here a leopard gecko corpse.
You see here a potion of curing.
z - a potion of curing The water moccasin zombie bites you.
The water moccasin zombie bites you.
The orc warrior hits you with a short sword!
You die...

#.)..#
#.##.# #o
#.#####
#o
#.o...###
#.
###†....#
#o
#o....#
#.
#oZ...#
..
#o....#
#.@...#
#.....#
###.###
.# .# ..
##


You could see an orc warrior, 3 orcs and a water moccasin zombie.

Vanquished Creatures
  2 adders (D:2)
  2 dart slugs (D:2)
  4 leopard geckos
  An orc (D:6)
  4 giant cockroaches
  7 goblins
  4 hobgoblins
  8 kobolds
  A ball python (D:1)
  9 bats
  2 frilled lizards (D:1)
  9 rats
  2 bushes (D:1)
  A plant (D:3)
56 creatures vanquished.

Notes
Turn   | Place    | Note
-------+----------+-------------------------------------------
     0 | D:1      | Kholdaimon the Merfolk Gladiator began the quest for the Orb.
     0 | D:1      | Reached XP level 1. HP: 16/16 MP: 1/1
   142 | D:1      | Reached XP level 2. HP: 19/23 MP: 2/2
  1370 | D:2      | Reached XP level 3. HP: 28/28 MP: 3/3
  1831 | D:2      | Reached XP level 4. HP: 18/34 MP: 4/4
  2805 | D:3      | You fall through a shaft for 3 floors!
  2808 | D:6      | Noticed an orc warrior
  2821 | D:6      | Slain by an orc warrior

Vault maps used:
D:1:      tarquinn_simple_flora_water_c, serial_forest,
          infiniplex_forest_lined_2, infiniplex_forest_fountain,
          infiniplex_forest_clump_double, infiniplex_forest_clump_double,
          infiniplex_forest_end_3, infiniplex_forest_lined_room_2,
          infiniplex_forest_straight_1, infiniplex_forest_lined_ring,
          infiniplex_forest_clump_tiny, st_stairs_13
D:2:      serial_glass, glass_columns_a, glass_columns_a,
          minmay_misc_feat_hallway
D:3:      first_ration, saegor_snake_ambush
D:6:      ebering_ghost_sewer_d

Skill      XL: |  1  2  3  4 |
---------------+-------------+-----
Long Blades    | 4 |  4.6
Fighting       | 3 |  3.0
Throwing       | |  2.0
Dodging        | |  4.8

Action                   |  1- 3 |  4- 6 || total
-------------------------+-------+-------++-------
Melee: Long sword        |   297 |    63 ||   360
       Tailslap          |       |     7 ||     7
Throw: Stone             |     2 |       ||     2
       Throwing net      |     1 |       ||     1
  Use: Potion            |     1 |       ||     1
 Stab: Sleeping          |     2 |     1 ||     3
  Eat: Chunk             |     4 |     3 ||     7
Armor: Leather armour    |    29 |    10 ||    39
Dodge: Dodged            |    78 |    40 ||   118
       Rpst.: Long sword |    32 |    16 ||    48

Table legend:
 A = Spawn XP
 B = Non-spawn XP
 C = Spawn XP percentage of total XP
 D = Spawn monster count
 E = Non-spawn monster count
 F = Spawn count percentage of total count
 G = Total turns spent on level
                    A         B        C        D         E        F      G
               +---------+---------+-------+---------+---------+-------+---------
         Total |       0 |     114 |   0.0 |       0 |      53 |   0.0 |  2821
               +---------+---------+-------+---------+---------+-------+---------
           D:1 |       0 |      29 |   0.0 |       0 |      19 |   0.0 |  1348
           D:2 |       0 |      72 |   0.0 |       0 |      27 |   0.0 |  1239
           D:3 |       0 |       7 |   0.0 |       0 |       5 |   0.0 |   218
           D:6 |       0 |       6 |   0.0 |       0 |       2 |   0.0 |    16
               +---------+---------+-------+---------+---------+-------+---------
